 Seeded DCSS version 0.31.0-10-gcf4a605ca0 (webtiles) character file.

Game seed: 2 (custom seed)

14569 Kazon the Covert (level 12, -4/81 HPs)
             Began as an Octopode Shapeshifter on Jan 24, 2024.
             Was a Plaything of Xom.
             Slain by Harold
             ... wielding a +0 scimitar
              (27 damage)
             ... on level 11 of the Dungeon on Jan 25, 2024.
             The game lasted 00:45:56 (7487 turns).

Kazon the Covert (Octopode Shapeshifter)            Turns: 7487, Time: 00:45:57

Health: -4/81      AC:  5    Str: 15    XL:     12   Next: 17%
Magic:  13/13      EV: 21    Int: 10    God:    Xom [...*..]
Gold:   257        SH: 13    Dex: 29    Spells: 10/12 levels left

rFire   + . .        e - +2 dagger (venom)
rCold   + + +        c - +0 buckler
rNeg    . . .        (helmet currently unavailable)
rPois   +            P - amulet of reflection
rElec   .            j - +4 ring of slaying
rCorr   +            m - +4 ring of protection
SInv    .            B - ring of resist corrosion
Will    +....        G - +6 ring of dexterity
Stlth   ++++++       I - ring of poison resistance
HPRegen 0.33/turn    M - ring of protection from cold
MPRegen 0.13/turn    U - ring of protection from fire
                     p - ring of protection from cold

%: reflection
@: beast-form, marked, cleaving
A: beast (slay +3), almost no armour, amphibious, 8 rings, camouflage 1,
gelatinous body 1, (nimble swimmer 1), tentacles, agile 2, cold resistance 1,
strong-willed 1, strong 1, wild magic 1
a: Begin Untransformation, Renounce Religion


You were on level 11 of the Dungeon.
You worshipped Xom.
You were a favourite toy of Xom.
You were a hulking beast.
You visited 1 branch of the dungeon, and saw 11 of its levels.
You also visited: Ossuary and Bailey.

You collected 669 gold pieces.
You spent 412 gold pieces at shops.

Inventory:

Hand Weapons
 e - a +2 dagger of venom (weapon)
 q - the +1 flail of Prescription {flame, rN+ Will+ Int+3}
   (You bought it in a shop on level 2 of the Dungeon)

   Int+3:     It affects your intelligence (+3).
   rN+:       It protects you from negative energy.
   Will+:     It increases your willpower.
 s - a +2 rapier of freezing
Missiles
 g - 30 stones
 r - 13 poisoned darts
 X - a silver javelin (quivered)
Armour
 c - a +0 buckler (worn)
 u - an orb of mayhem
 K - a +0 hat
Jewellery
 j - a +4 ring of slaying (left tentacle)
 m - a +4 ring of protection (right tentacle)
 p - a ring of protection from cold (on tentacle)
 B - a ring of resist corrosion (on tentacle)
 G - a +6 ring of dexterity (on tentacle)
 I - a ring of poison resistance (on tentacle)
 M - a ring of protection from cold (on tentacle)
 P - an amulet of reflection (around mantle)
 U - a ring of protection from fire (on tentacle)
Talismans
 b - a beast talisman
 v - a serpent talisman
 y - a flux talisman
Wands
 k - a wand of flame (18)
 N - a wand of mindburst (17)
 O - a wand of light (8)
 Y - a wand of iceblast (2)
Scrolls
 d - a scroll of poison {unknown}
 h - 2 scrolls of immolation {unknown}
 i - 2 scrolls of identify
 n - 2 scrolls of enchant armour {unknown}
 t - 5 scrolls of teleportation
 C - 2 scrolls of noise {unknown}
 E - 3 scrolls of torment {unknown}
 L - a scroll of silence
 R - 5 scrolls of vulnerability {unknown}
 S - 2 scrolls of revelation {unknown}
 T - 2 scrolls of fear {unknown}
 V - a scroll of brand weapon {unknown}
 W - a scroll of amnesia {unknown}
Potions
 a - 6 potions of lignification
 f - 3 potions of enlightenment
 l - 5 potions of mutation {unknown}
 o - 3 potions of might
 w - 2 potions of cancellation
 x - 4 potions of curing
 z - 2 potions of resistance
 A - 2 potions of heal wounds
 D - 3 potions of haste {unknown}
 F - 2 potions of berserk rage {unknown}
 J - 4 potions of ambrosia {unknown}
Miscellaneous
 Q - a lightning rod (4/4)


   Skills:
 * Level 7.2 Fighting
 + Level 7.2 Short Blades
 + Level 4.5 Maces & Flails
 + Level 6.8 Throwing
 * Level 8.0 Dodging
 + Level 8.3 Stealth
 * Level 6.5 Shields
 + Level 3.4 Unarmed Combat
 + Level 0.6 Spellcasting
 + Level 0.6 Summonings
 * Level 5.4 Evocations
 + Level 6.2 Shapeshifting


You had 10 spell levels left.
You knew the following spells:

 Your Spells              Type           Power      Damage    Failure   Level
a - Call Imp              Summ           4%         N/A       54%         2

Your spell library contained the following spells:

 Spells                   Type           Power      Damage    Failure   Level
 Summon Small Mammal      Summ           8%         N/A       43%         1
 Apportation              Tloc           0%         N/A       52%         1
 Jinxbite                 Hex            0%         N/A       65%         2
 Sublimation of Blood     Necr           0%         N/A       65%         2
 Call Canine Familiar     Summ           2%         N/A       78%         3
 Manifold Assault         Tloc           0%         N/A       99%         4
 Petrify                  Alch/Erth      0%         N/A       99%         4
 Summon Blazeheart Golem  Fire/Summ      1%         N/A       99%         4
 Alistair's Intoxication  Alch           0%         N/A       100%        5
 Irradiate                Conj/Alch      0%         3d11      100%        5
 Summon Forest            Summ/Tloc      0%         N/A       100%        5
 Summon Mana Viper        Hex/Summ       1%         N/A       100%        5
 Dispersal                Tloc           0%         N/A       100%        6
 Summon Cactus Giant      Summ           1%         N/A       100%        6
 Summon Hydra             Summ           1%         N/A       100%        7
 Disjunction              Tloc           0%         N/A       100%        8


Dungeon Overview and Level Annotations

Branches:
Dungeon (11/15)            Temple (0/1) D:5            Lair (0/5) D:9
    Orc (0/2) D:9         Ossuary (visited)          Bailey (visited)

Altars:
Kikubaaqudgha
Ru
Xom
The Shining One

Shops:
D:2 (   D:3 (   D:10 *

Annotations:
D:11 Harold


Innate Abilities, Weirdness & Mutations

You are a hulking beast.
Your limbs bulge with bestial killing power. (Slay +3)
You cannot wear most types of armour.
You are amphibious.
You can wear up to eight rings at the same time.
Your skin changes colour to match your surroundings (Stealth+).
Your rubbery body absorbs attacks. (AC +1, EV +1)
((You are camouflaged when in or above water. (Stealth+)))
You have tentacles for arms and can constrict up to eight enemies at once.
You are very agile. (Dex +8, Str/Int -2)
Your flesh is cold resistant. (rC+)
You are strong-willed. (Will+)
Your muscles are strong. (Str +4, Int/Dex -1)
Your spells are a little harder to cast, but a little more powerful.


Message History

You throw a silver javelin.
Harold throws a throwing net.
The throwing net completely misses you.
Unknown command.
Non-targeted confused throw: 3 javelins (silver)
Press: ? - help, Q - select action, (/) - cycle Dir - look around, f - activate Look: a yak (severely wounded)
You throw a silver javelin. "Go forth and destroy!"
Your +2 dagger of venom looks sharp.
A troll comes into view.
Unknown command.
Non-targeted confused throw: 2 javelins (silver)
Press: ? - help, Q - select action, (/) - cycle Dir - look around, f - activate Look: a troll (wandering, hasn't noticed you)
You throw a silver javelin. The troll shouts!
You feel less confused.
You barely miss Harold. You grab Harold.
Harold is moderately wounded.
You constrict Harold, but do no damage. Harold barely misses you.
You hit Harold but do no damage.
Harold is poisoned.
Harold is moderately wounded.
You constrict Harold, but do no damage. You block Harold's attack.
You hit Harold. You squeeze Harold!
Harold is heavily wounded.
You constrict Harold. You hit Harold.
Harold looks as sick as possible!
Harold is severely wounded.
You constrict Harold. Harold gestures at you while chanting.
A sentinel's mark forms upon you.
You puncture Harold!
Harold is almost dead.
You constrict Harold. You hit Harold.
Harold looks as sick as possible!
You tentacle-slap Harold.
Harold is almost dead.
You constrict Harold. Harold hits you with a +0 scimitar!!
You die...
Harold says, "Can't wait to tell my little ones about this."
Xom thinks this is hilarious!

~# . #.###.~.~≈≈≈#
... >.###..
.((.~≈≈≈≈ ~##.
#......##~~.~~≈≈# .#
###.)....†~.~~~#
..$.....#T#.....#
#######.#Y# ....#
..#.....#.#Y# ...#
## #.#.....#.#@# ..#
.. #.#.....#.#h# .#
..#
##.#.....#.#(......#
...
..+.....'.###.#####
... #.#.....#### ##
#..###.#..........
#............#####
#....#.#######
##.....# ###.###


You could see Harold (extremely poisoned), 2 yaks and a troll.

Vanquished Creatures
  Fannar (D:10)
  An ogre mage (D:9)
  A two-headed ogre (D:9)
  3 death yaks (D:9)
  Urug (D:10)
  A deep elf knight (D:9)
  An orc knight (Bailey)
  2 deep elf pyromancers
  Maurice (D:11)
  3 ugly things
  A cyclops (D:11)
  A black mamba (shapeshifter) (D:9)
  2 komodo dragons
  Jeremiah (D:7)
  2 trolls
  A hornet (D:10)
  A basilisk (D:9)
  2 yaks
  Grum (D:10)
  A steam dragon (D:8)
  3 water moccasins (D:7)
  An ice beast (D:8)
  A sky beast (D:6)
  2 black bears
  2 wolves (D:10)
  6 orc warriors
  9 centaurs
  2 ogres
  A phantom (D:4)
  2 gnoll sergeants
  2 bullfrogs (D:9)
  2 scorpions
  3 water moccasin zombies (Ossuary)
  3 wights (D:8)
  5 killer bees (D:10)
  A nameless horror (D:11)
  An electric eel (D:11)
  A howler monkey (D:11)
  A jelly (D:8)
  2 bombardier beetles
  2 hounds
  2 iguanas
  9 orc wizards
  3 hell rats (D:9)
  A crocodile zombie (Ossuary)
  A bullfrog simulacrum (Ossuary)
  2 mummies (Ossuary)
  7 adders
  5 gnolls
  A shadow imp (D:8)
  2 white imps
  2 ufetubi (D:6)
  2 adder zombies (Ossuary)
  3 dart slugs
  A ribbon worm (D:2)
  22 orcs
  3 ball pythons
  5 bats
  11 endoplasms
  2 giant cockroaches (D:3)
  4 gnoll zombies (Ossuary)
  12 goblins
  2 hobgoblins
  2 jackals (D:3)
  9 quokkas
  2 frilled lizards
  2 kobolds
  4 orc zombies (Ossuary)
  4 rats
205 creatures vanquished.

Vanquished Creatures (collateral kills)
  A yak (D:11)
  2 orc warriors (Bailey)
  3 orcs
6 creatures vanquished.

Vanquished Creatures (others)
  An orc (D:7)
1 creature vanquished.

Grand Total: 212 creatures vanquished

Notes
Turn   | Place    | Note
-------+----------+-------------------------------------------
     0 | D:1      | Kazon the Octopode Shapeshifter began the quest for the
                  | Orb.
     0 | D:1      | Reached XP level 1. HP: 13/13 MP: 1/1
    54 | D:1      | Reached XP level 2. HP: 18/18 MP: 2/2
   696 | D:2      | Found Weaqack's Weapon Shop.
   702 | D:2      | Reached XP level 3. HP: 23/23 MP: 3/3
   819 | D:2      | Reached XP level 4. HP: 28/28 MP: 4/4
  1132 | D:3      | Found Hivuethe's Antique Weapon Shoppe.
  1192 | D:3      | Reached skill level 1 in Short Blades
  1192 | D:3      | Reached skill level 1 in Stealth
  1211 | D:3      | Noticed an ogre
  1233 | D:3      | Killed an ogre
  1234 | D:3      | Reached XP level 5. HP: 27/34 MP: 5/5
  1328 | D:3      | Found a shimmering altar of Xom.
  1336 | D:3      | Found a shimmering altar of Xom.
  1339 | D:3      | Found a shimmering altar of Xom.
  1347 | D:3      | Became a worshipper of Xom of Chaos
  1379 | D:4      | XOM: noise
  1385 | D:4      | Noticed a phantom
  1405 | D:4      | Killed a phantom
  1406 | D:4      | Reached XP level 6. HP: 18/40 MP: 3/6
  1572 | D:4      | Found a sacrificial altar of Ru.
  1657 | D:4      | XOM: silly message
  1994 | D:5      | Entered Level 5 of the Dungeon
  2148 | D:5      | Found a sand-covered staircase.
  2157 | Ossuary  | Entered an ossuary
  2172 | Ossuary  | Reached XP level 7. HP: 24/45 MP: 4/7
  2217 | Ossuary  | XOM: 2-stop teleportation journey
  2247 | Ossuary  | XOM: confusion (+ monsters)
  2249 | Ossuary  | Reached skill level 1 in Throwing
  2262 | Ossuary  | Reached skill level 1 in Shields
  2439 | D:5      | Reached skill level 1 in Maces & Flails
  2533 | D:5      | XOM: snakes to sticks
  2644 | D:5      | Found a staircase to the Ecumenical Temple.
  2687 | D:5      | XOM: 1-stop teleportation journey
  2690 | D:5      | Reached XP level 8. HP: 52/52 MP: 8/8
  3026 | D:6      | XOM: confuse monster(s)
  3041 | D:6      | XOM: god gift: scroll labelled GUUTOX PU QARU {god gift}
  3504 | D:6      | You fall into a shaft and drop 1 floor!
  3509 | D:7      | Noticed Jeremiah
  3512 | D:7      | XOM: cloud trail
  3569 | D:7      | XOM: enchant monster (good)
  3633 | D:7      | Reached XP level 9. HP: 26/58 MP: 2/9
  3672 | D:7      | Found a flagged portal.
  3672 | D:7      | XOM: 2-stop teleportation journey
  3683 | D:7      | Reached skill level 5 in Stealth
  3690 | Bailey   | Entered a bailey
  3848 | Bailey   | Noticed an orc knight
  3887 | Bailey   | Reached skill level 5 in Short Blades
  3893 | Bailey   | Reached skill level 5 in Dodging
  3915 | Bailey   | Killed an orc knight
  3946 | Bailey   | Found a large runed translucent door.
  3946 | Bailey   | Found a large runed translucent door.
  3947 | Bailey   | Noticed a deep elf pyromancer
  3962 | Bailey   | XOM: give mutations
  3962 | Bailey   | Gained mutation: Your spells are a little harder to cast,
                  | but a little more powerful. [Xom's grace]
  3962 | Bailey   | Gained mutation: You are strong-willed. (Will+) [Xom's
                  | grace]
  3962 | Bailey   | Gained mutation: You are agile. (Dex +4, Str/Int -1) [Xom's
                  | grace]
  3990 | Bailey   | Killed a deep elf pyromancer
  4012 | Bailey   | Identified the +5 ring mail of the Moneychanger {Will+
                  | Str+2}
  4089 | D:7      | Noticed a deep elf pyromancer
  4094 | D:7      | Killed a deep elf pyromancer
  4095 | D:7      | Reached skill level 5 in Throwing
  4095 | D:7      | Reached XP level 10. HP: 65/65 MP: 10/10
  4187 | D:6      | Reached skill level 5 in Shapeshifting
  4480 | D:7      | Killed Jeremiah
  4481 | D:7      | Reached skill level 5 in Fighting
  4635 | D:7      | XOM: silly message
  4684 | D:7      | Reached skill level 1 in Evocations
  4788 | D:8      | XOM: noise
  4853 | D:8      | XOM: divination: detect items
  4883 | D:8      | XOM: divination: detect creatures
  5021 | D:7      | XOM: noise
  5125 | D:2      | Bought the +1 flail of Prescription {flame, rN+ Will+
                  | Int+3} for 412 gold pieces
  5877 | D:9      | Found an ancient bone altar of Kikubaaqudgha.
  5914 | D:9      | Identified the +5 scale mail of Ruestycs {rF- Regen+ Str+2}
  5953 | D:9      | Noticed a two-headed ogre
  5955 | D:9      | XOM: potion effect (haste)
  5957 | D:9      | Killed a two-headed ogre
  5994 | D:9      | Found a staircase to the Orcish Mines.
  6071 | D:9      | Found a runed translucent door.
  6071 | D:9      | Noticed a green ugly thing
  6072 | D:9      | Noticed an ogre mage
  6076 | D:9      | Killed a green ugly thing
  6083 | D:9      | Killed an ogre mage
  6084 | D:9      | Reached skill level 5 in Shields
  6084 | D:9      | Reached XP level 11. HP: 42/72 MP: 11/11
  6185 | D:9      | Noticed a purple ugly thing
  6189 | D:9      | Killed a purple ugly thing
  6242 | D:9      | Noticed a deep elf knight
  6244 | D:9      | Killed a deep elf knight
  6255 | D:9      | Identified the +0 ring mail "Huforom" {rF+}
  6334 | D:9      | Noticed a death yak
  6346 | D:9      | Noticed a death yak
  6348 | D:9      | Killed a death yak
  6348 | D:9      | Noticed a death yak
  6358 | D:9      | Killed a death yak
  6363 | D:9      | XOM: potion effect (brilliance)
  6366 | D:9      | Killed a death yak
  6374 | D:9      | Found a staircase to the Lair.
  6459 | D:10     | Entered Level 10 of the Dungeon
  6475 | D:10     | Noticed Fannar
  6484 | D:10     | XOM: cleaving
  6491 | D:10     | Killed Fannar
  6516 | D:10     | Learned a level 2 spell: Call Imp
  6546 | D:10     | Noticed a green ugly thing
  6552 | D:10     | Killed a green ugly thing
  6574 | D:10     | XOM: divination: detect items
  6609 | D:10     | Noticed Grum
  6621 | D:10     | Killed Grum
  6629 | D:10     | Upgraded the game from 0.31.0-9-g3a7656b989 to
                  | 0.31.0-10-gcf4a605ca0
  6983 | D:10     | Noticed Urug
  6985 | D:10     | XOM: butterfly on damage
  7057 | D:10     | Reached skill level 5 in Evocations
  7137 | D:10     | Found Kynau's Lightly-Used Armoury.
  7200 | D:10     | XOM: cleaving
  7201 | D:10     | XOM: potion effect (heal wounds)
  7209 | D:10     | Killed Urug
  7210 | D:10     | Reached XP level 12. HP: 81/81 MP: 10/12
  7276 | D:10     | XOM: give mutations
  7276 | D:10     | Gained mutation: Your flesh is cold resistant. (rC+) [Xom's
                  | grace]
  7276 | D:10     | Gained mutation: You are very agile. (Dex +8, Str/Int -2)
                  | [Xom's grace]
  7276 | D:10     | Gained mutation: Your muscles are strong. (Str +4, Int/Dex
                  | -1) [Xom's grace]
  7381 | D:11     | Noticed Maurice
  7386 | D:11     | Killed Maurice
  7430 | D:11     | Found a glowing golden altar of the Shining One.
  7461 | D:11     | Noticed Harold
  7467 | D:11     | XOM: cast spell 'Summon Mana Viper'
  7480 | D:11     | XOM: cleaving
  7487 | D:11     | Slain by Harold

Illustrated notes

Levels and vault maps discovered:
D:1:      lightli_arrival_noodles, layout_loops_ring, skrybe_limestone_x
D:2:      layout_rooms, serial_shops, shop
D:3:      layout_basic, xom_redecorated, serial_shops, nicolae_shop_stone
D:4:      layout_rooms, mainiacjoe_overflow_six_doors_small,
          minmay_misc_feat_five
D:5:      layout_loops_ring, temple_pool_b, mainiacjoe_ossuary_entry_dusty_tomb
D:6:      layout_loops_ring, dk_noncrumbling_3
D:7:      layout_loops_cross, enter_bailey_5, guppyfry_early_elven_hall,
          uniq_jeremiah
D:8:      layout_basic
D:9:      cheibrodos_helix_gallery, layout_basic, lemuel_crystal_altar,
          dpeg_lair_monsters, orc_0_dummy, minivault_13
D:10:     layout_irregular_city, minmay_shop_damaged, minmay_misc_feat_tiny,
          uniq_fannar, uniq_urug, uniq_grum
D:11:     layout_basic, tso_oasis_becter, uniq_maurice, uniq_harold

Skill      XL: |  1  2  3  4  5  6  7  8  9 10 11 12 |
---------------+-------------------------------------+-----
Short Blades   | 1 2 3 4 5 6 7 |  7.2
Stealth        | 2 3 4 6 7 8 |  8.3
Fighting       | 2 3 4 5 7 |  7.2
Dodging        | 3 4 5 6 7 8 |  8.0
Throwing       | 2 3 5 6 |  6.8
Shapeshifting  | 4 5 6 |  6.2
Shields        | 1 2 4 5 6 |  6.5
Maces & Flails | 1 3 4 |  4.5
Evocations     | 3 5 |  5.4
Unarmed Combat | |  3.4
Spellcasting   | |  0.6
Summonings     | |  0.6

Action                     |  1- 3 |  4- 6 |  7- 9 | 10-12 || total
---------------------------+-------+-------+-------+-------++-------
  Melee: Unarmed           |     5 |       |       |       ||     5
         Tentacles         |     5 |    11 |    27 |    54 ||    97
         Constrict         |    10 |    13 |    27 |    32 ||    82
         Dagger            |    35 |    71 |    65 |   137 ||   308
         Punch             |       |     3 |     4 |    12 ||    19
         Whip              |       |     7 |    50 |       ||    57
         Flail             |       |       |       |    25 ||    25
         Rapier            |       |       |       |    31 ||    31
  Throw: Stone             |     3 |    12 |    16 |    23 ||    54
         Dart              |       |     2 |    31 |    19 ||    52
         Javelin           |       |       |       |     7 ||     7
   Cast: Call Imp          |       |       |       |     2 ||     2
  Evoke: Wand              |       |       |     2 |     1 ||     3
         Lightning rod     |       |       |       |     8 ||     8
    Use: Potion            |     1 |       |       |     1 ||     2
         Scroll            |       |     1 |     1 |     7 ||     9
   Stab: Sleeping          |     1 |     9 |     7 |    12 ||    29
         Confused          |       |       |     2 |       ||     2
         Distracted        |       |       |       |     1 ||     1
         Invisible         |       |       |       |     1 ||     1
 Armour: Skin              |    10 |    39 |    53 |    69 ||   171
  Dodge: Dodged            |    22 |    43 |    71 |    82 ||   218
  Block: Buckler           |       |       |    21 |    61 ||    82
         Reflection        |       |       |       |     1 ||     1
